 Dungeon Crawl Stone Soup version 0.30.0-5-g1a98f26d00 (webtiles) character file.

Game seed: 6671050301712414690

3698 Kenran the Martial Artist (level 10, 0/53 HPs)
             Began as a Vine Stalker Brigand on May 12, 2023.
             Slain by a hornet (1 damage)
             ... on level 8 of the Dungeon.
             The game lasted 00:13:56 (6442 turns).

Kenran the Martial Artist (Vine Stalker Brigand)    Turns: 6442, Time: 00:13:57

Health: 0/53       AC: 14    Str: 14    XL:     10   Next: 13%
Magic:  0/11       EV:  9    Int: 13    God:
Gold:   776        SH:  7    Dex: 17    Spells: 9/9 levels left

rFire   . .          .
                       - Unarmed
rCold   . . .        C - +2 buckler
rNeg    + + +        r - +6 scale mail "Taigosuneu" {rElec rN+++ Str-3 Int+2}
rPois   .            (no helmet)
rElec   +            c - +0 cloak
rCorr   +            (no gloves)
SInv    .            w - +0 pair of boots
Will    +....        (no amulet)
Stlth   ++           N - ring of positive energy
HPRegen 1.08/turn    R - ring of resist corrosion
MPRegen 0.12/turn

%: guardian spirit
@: lethally poisoned (0 -> -7), slowed, very slow
A: fangs 3, regeneration 1, magic shield, antimagic bite, no potion heal 2
a: no special abilities


You were on level 8 of the Dungeon.
You visited 2 branches of the dungeon, and saw 9 of its levels.
You also visited: Ossuary.

You collected 776 gold pieces.


Innate Abilities, Weirdness & Mutations

You have razor-sharp teeth.
Your natural rate of healing is unusually fast.
When hurt, damage is shared between your health and your magic reserves.
Your bite disrupts and absorbs the magic of your enemies.
Potions cannot restore your health.


   Skills:
 + Level 5.9 Fighting
 - Level 1.7 Short Blades
 - Level 1.7 Throwing
 - Level 2.0 Armour
 - Level 2.0 Dodging
 - Level 4.8 Stealth
 - Level 2.0 Shields
 - Level 12.0 Unarmed Combat


You had 9 spell levels left.
You didn't know any spells.
Your spell library contained the following spells:

 Spells                   Type           Power      Damage    Failure   Level
 Kiss of Death            Conj/Necr      0%         2d5       87%         1
 Confusing Touch          Hex            0%         N/A       99%         3
 Ignite Poison            Fire/Tmut/Pois 0%         N/A       99%         3
 Dispel Undead            Necr           0%         3d6       100%        4
 Sticky Flame             Conj/Fire      0%         2d3       100%        4
 Ignition                 Fire           0%         3d3       100%        8

Inventory:

Missiles
 d - 27 poisoned darts (quivered)
 e - 7 curare-tipped darts {=f}
 A - 3 throwing nets {=f!f}
Armour
 c - a +0 cloak (worn)
 r - the +6 scale mail "Taigosuneu" (worn) {rElec rN+++ Str-3 Int+2}
   (You found it on level 3 of the Dungeon)

   Str:       It affects your strength (-3).
   Int:       It affects your intelligence (+2).
   rElec:     It insulates you from electricity.
   rN:        It renders you almost immune to negative energy.
 w - a +0 pair of boots (worn)
   (You found it on level 4 of the Dungeon)
 C - a +2 buckler (worn)
   (You took it off a gnoll sergeant on level 7 of the Dungeon)
Jewellery
 N - a ring of positive energy (left hand)
   (You found it on level 1 of the Dungeon)
 R - a ring of resist corrosion (right hand)
   (You found it on level 1 of the Dungeon)
Wands
 o - a wand of paralysis (8)
   (You took it off Ijyb on level 3 of the Dungeon)
Scrolls
 h - 3 scrolls of poison {!r}
 j - 2 scrolls of fear
 k - 2 scrolls of vulnerability {!r!r}
 m - 2 scrolls of teleportation {@r4}
 t - 2 scrolls of enchant weapon
 u - a scroll of fog {unknown}
 v - a scroll of immolation {unknown}
 x - a scroll of magic mapping {!r}
Potions
 b - 6 potions of brilliance
 f - 3 potions of mutation {!q}
 g - a potion of invisibility {unknown}
 i - 3 potions of attraction {unknown}
 l - 2 potions of flight {unknown}
 n - 2 potions of might
 p - 2 potions of haste {unknown}
 q - 2 potions of ambrosia {unknown}
 s - 6 potions of curing {@q1}
 z - a potion of resistance {unknown}
 D - a potion of lignification {unknown}

Dungeon Overview and Level Annotations

Branches:
Dungeon (8/15) Zot: 26703  Temple (1/1) D:4 Zot: 5943 Ossuary (visited)
   Lair: D:8-11

Altars:
Ashenzari
Cheibriados
Elyvilon
Fedhas
Gozag
Hepliaklqana
Makhleb
Nemelex Xobeh
Okawaru
Qazlal
Ru
Sif Muna
Trog
Vehumet
Wu Jian
Yredelemnul
Zin

Shops:
D:5 : D:7

* ##..####
..........###
##......##
...........^#
#........# ............
##........# ...........
#.........# ...$......
###.###.....# .........
##.....#######
........####.......###
......y..#@.####.....##
# .....###.y###
###....### # ... ##.#
###....### . ....
###....# ####.. ####.#
#)# ### ##


You could see a hornet.


Message History

You hit the acid dragon. Your bite misses the acid dragon.
The acid dragon spits acid at you. The splash of acid hits you.
You resist. 😮 HP[-2] MP[-1]
You take 2 damage, and now have 30/53 hp.
You lost 1 mp, and now have 4/11 mp.
You hit the acid dragon but do no damage.
You block the acid dragon's attack.
The acid dragon claws you but does no damage. 😮 HP[+1]
You punch the acid dragon!
You kill the acid dragon!
The acid dragon scales are intact enough to wear. 😮 HP[+1]
Things that are here:
+0 acid dragon scales; an acid dragon corpse 😮 HP[+1]
You start resting. 😎 HP[+20] MP[+2]
Your hp is fully restored (53).
You regained 2 mp, and now have 6/11 mp.
You start resting. 😎 MP[+5]
Your mp is fully restored (11).
Things that are here:
+0 acid dragon scales; an acid dragon corpse
There is a stone staircase leading up here.
There is a stone staircase leading up here.
j - 2 scrolls of fear (gained 1)
You now have 757 gold pieces (gained 17).
You now have 776 gold pieces (gained 19).
A hornet comes into view.
The hornet buzzes angrily.
You barely miss the hornet. Your bite misses the hornet.
The hornet barely misses you.
The hornet stings you but does no damage.
You punch the hornet! Your bite misses the hornet.
You block the hornet's attack.
You closely miss the hornet. You block the hornet's attack.
You punch the hornet! Your bite misses the hornet. The hornet stings you.
You are poisoned.
You feel yourself slow down. 😕 HP[-2] MP[-1]
You take 2 damage, and now have 51/53 hp.
You lost 1 mp, and now have 10/11 mp.
Unknown command.
Unknown command.
You punch the hornet! Your bite misses the hornet.
You feel yourself speed up.
You feel very sick. The hornet closely misses you. The hornet stings you.
You are more poisoned.
You feel yourself slow down. 😕 HP[-7]
You take 7 damage, and now have 44/53 hp.
You hit the hornet but do no damage.
You feel yourself speed up.
You feel very sick. The hornet barely misses you. The hornet stings you!
You feel yourself slow down. 😮 HP[-13] MP[-2]
You take 13 damage, and now have 31/53 hp.
MASSIVE DAMAGE!! (PAUSE)
You lost 2 mp, and now have 8/11 mp.
Unknown command.
You barely miss the hornet. You bite the hornet, but do no damage.
You feel very sick.
The hornet stings you but does no damage.
The hornet stings you!
* * * LOW HITPOINT WARNING * * *
You feel as though you will be slow longer. 😨 HP[-12] MP[-3]
You take 12 damage, and now have 19/53 hp.
MASSIVE DAMAGE!! (PAUSE)
You lost 3 mp, and now have 5/11 mp.
Unknown command.
You hit the hornet but do no damage.
You feel very sick. The hornet stings you.
* * * LOW HITPOINT WARNING * * *
You suddenly lose the ability to move!
The hornet stings you but does no damage.
You can move again. 😨 HP[-3]
You take 3 damage, and now have 16/53 hp.
You hit the hornet but do no damage.
You feel very sick. The hornet closely misses you. The hornet stings you!
* * * LOW HITPOINT WARNING * * *
You are lethally poisoned!
You feel as though you will be slow longer. 😱 HP[-10] MP[-3]
You take 10 damage, and now have 6/53 hp.
You lost 3 mp, and now have 2/11 mp.
You barely miss the hornet. You bite the hornet. You drain its power.
You feel invigorated.
* * * LOW HITPOINT WARNING * * *
You feel very sick. You block the hornet's attack. The hornet stings you!
You die...

Skill      XL: |  1  2  3  4  5  6  7  8  9 10 |
---------------+-------------------------------+-----
Unarmed Combat | 1 2 3 4 5 7 8 10 12 | 12.0
Fighting       | 3 4 5 |  5.9
Armour         | 2 |  2.0
Dodging        | 2 |  2.0
Shields        | 1 2 |  2.0
Short Blades   | |  1.7
Throwing       | |  1.7
Stealth        | |  4.8

Action                     |  1- 3 |  4- 6 |  7- 9 | 10-12 || total
---------------------------+-------+-------+-------+-------++-------
  Melee: Dagger            |    84 |    97 |       |       ||   181
         Bite              |    14 |    70 |   103 |    15 ||   202
         Punch             |     2 |     5 |    17 |       ||    24
         Unarmed           |       |   128 |   296 |    48 ||   472
  Evoke: Wand              |       |     5 |     1 |       ||     6
    Use: Scroll            |       |     7 |     5 |       ||    12
         Potion            |       |       |     2 |       ||     2
   Stab: Sleeping          |    11 |     5 |       |       ||    16
         Paralysed         |       |     8 |     2 |       ||    10
 Armour: Ring mail         |    31 |    34 |       |       ||    65
         Robe              |     1 |       |       |       ||     1
         Scale mail        |       |    47 |   152 |    24 ||   223
  Dodge: Dodged            |    24 |    87 |   108 |    15 ||   234
  Block: Buckler           |       |       |    14 |    16 ||    30

Levels and vault maps discovered:
D:1:      minmay_arrival_jagged, layout_basic, minmay_misc_feat_ornament
D:2:      layout_basic
D:3:      layout_basic, uniq_ijyb
D:4:      layout_basic, minmay_temple_entry_stoned_glass,
          lightli_ossuary_entry_decrepit_ruins, uniq_duvessa
D:5:      layout_basic, amcnicky_altar_gilded, serial_shops, shop,
          hangedman_abyss_or_decor_stabs
D:6:      layout_basic, grunt_ministairs_10, st_stairs_12, hex_medium,
          uniq_menkaure, uniq_edmund, uniq_sigmund
D:7:      layout_basic, serial_undead, serial_undead_f, serial_undead_b,
          serial_undead_b, serial_undead_b, nicolae_shop_overcharged_wands
D:8:      layout_cave_pods, nicolae_tso_carved_into_rock,
          nicolae_shop_firing_range
Temple:   nicolae_temple_x_marks_the_god

Notes
Turn   | Place    | Note
-------+----------+-------------------------------------------
     0 | D:1      | Kenran the Vine Stalker Brigand began the quest for the
                  | Orb.
     0 | D:1      | Reached XP level 1. HP: 11/11 MP: 2/2
     0 | D:1      | magus.rc [v1.11.6]
   100 | D:1      | Reached skill level 1 in Unarmed Combat
   156 | D:1      | Reached XP level 2. HP: 15/15 MP: 3/3
   453 | D:1      | Reached skill level 2 in Unarmed Combat
  1076 | D:2      | Reached XP level 3. HP: 18/18 MP: 4/4
  1162 | D:2      | Reached skill level 3 in Unarmed Combat
  1219 | D:2      | You add the spells Kiss of Death, Confusing Touch and
                  | Dispel Undead to your library.
  1578 | D:2      | Gained mutation: Your natural rate of healing is unusually
                  | fast. [Vine Stalker growth]
  1578 | D:2      | Reached XP level 4. HP: 23/23 MP: 5/5
  1992 | D:3      | Reached skill level 4 in Unarmed Combat
  2079 | D:3      | Noticed Ijyb
  2092 | D:3      | Paralysed by Ijyb for 3 turns
  2110 | D:3      | Killed Ijyb
  2166 | D:3      | Reached XP level 5. HP: 26/26 MP: 6/6
  2311 | D:3      | You add the spells Ignite Poison, Sticky Flame and Ignition
                  | to your library.
  2406 | D:3      | Identified the +6 scale mail "Taigosuneu" {rElec rN+++
                  | Str-3 Int+2}
  2666 | D:4      | Found a staircase to the Ecumenical Temple.
  2675 | Temple   | Entered the Ecumenical Temple
  2775 | D:4      | Found a sand-covered staircase.
  2800 | Ossuary  | Entered an ossuary
  2865 | Ossuary  | Reached skill level 5 in Unarmed Combat
  2870 | Ossuary  | HP: 1/26 [mummy (9)]
  2981 | Ossuary  | Reached XP level 6. HP: 21/30 MP: 7/7
  3231 | D:4      | Reached skill level 6 in Unarmed Combat
  3382 | D:4      | Noticed Duvessa
  3391 | D:4      | Noticed Dowan
  3404 | D:4      | Killed Duvessa
  3416 | D:4      | Killed Dowan
  3417 | D:4      | Reached skill level 7 in Unarmed Combat
  3417 | D:4      | Reached XP level 7. HP: 34/34 MP: 6/8
  3467 | D:4      | Identified the +3 ring mail of Evo Zaot {rN+}
  3688 | D:5      | Entered Level 5 of the Dungeon
  3692 | D:5      | Found a blossoming altar of Fedhas.
  3975 | D:5      | Found Irghiqa's Book Boutique.
  4081 | D:5      | Identified the +1 robe of Picokhua {Fly Str+2}
  4286 | D:5      | Reached skill level 8 in Unarmed Combat
  4582 | D:6      | Gained mutation: You have razor-sharp teeth. [Vine Stalker
                  | growth]
  4582 | D:6      | Reached XP level 8. HP: 38/38 MP: 7/9
  4600 | D:6      | Reached skill level 9 in Unarmed Combat
  4767 | D:6      | Noticed Sigmund
  4778 | D:6      | Killed Sigmund
  4779 | D:6      | Reached skill level 10 in Unarmed Combat
  4779 | D:6      | Reached skill level 2 in Fighting
  4779 | D:6      | Reached skill level 1 in Armour
  4851 | D:6      | HP: 7/39 [orc warrior/+2 heavy long sword (7)]
  4858 | D:6      | Noticed Edmund
  4879 | D:6      | Reached skill level 3 in Fighting
  4879 | D:6      | Reached skill level 2 in Armour
  4879 | D:6      | Reached XP level 9. HP: 38/44 MP: 10/10
  4881 | D:6      | Killed Edmund
  4978 | D:6      | Noticed Menkaure
  4982 | D:6      | Killed Menkaure
  4983 | D:6      | Reached skill level 11 in Unarmed Combat
  5179 | D:7      | Reached skill level 1 in Dodging
  5464 | D:7      | Reached skill level 2 in Dodging
  5474 | D:7      | Reached skill level 4 in Fighting
  5474 | D:7      | Reached skill level 12 in Unarmed Combat
  5547 | D:7      | Found Illungal's Overcharged Wands.
  5664 | D:7      | Reached skill level 1 in Shields
  5676 | D:7      | HP: 11/46 [poisoned by an orc]
  5678 | D:7      | HP: 4/46 [poisoned by an orc]
  5774 | D:7      | Reached XP level 10. HP: 45/51 MP: 11/11
  5875 | D:7      | Reached skill level 5 in Fighting
  5875 | D:7      | Reached skill level 2 in Shields
  6440 | D:8      | Paralysed by a hornet for 1 turns
  6441 | D:8      | HP: 6/53 [hornet (9)]
  6442 | D:8      | HP: 1/53 [poisoned by a hornet]
  6442 | D:8      | Slain by a hornet

Vanquished Creatures
  An unseen horror zombie (D:7)
  Sigmund (D:6)
  Menkaure (D:6)
  2 steam dragons
  Edmund (D:6)
  An acid dragon (D:8)
  Duvessa (D:4)
  5 orc warriors
  2 sky beasts
  A black bear (D:6)
  An ogre (D:6)
  2 centaurs
  2 phantoms
  2 bullfrogs
  A gnoll sergeant (D:7)
  2 scorpions (D:6)
  A wyvern zombie (D:7)
  A wight (D:7)
  Dowan (D:4)
  A water moccasin zombie (D:7)
  2 orc priests (D:7)
  6 hounds
  A sleepcap (D:5)
  7 iguanas
  Ijyb (D:3)
  4 orc wizards
  A killer bee zombie (D:7)
  8 mummies (Ossuary)
  5 gnolls (D:7)
  8 adders
  An ufetubus (D:6)
  2 worms
  22 orcs
  4 endoplasms
  5 giant cockroaches
  7 goblins
  10 hobgoblins
  9 kobolds
  2 quokkas (D:2)
  5 ball pythons
  6 bats
  7 frilled lizards
  A hobgoblin zombie (Ossuary)
  4 kobold zombies (Ossuary)
  3 orc zombies (Ossuary)
  2 rats
163 creatures vanquished.

Table legend:
 A = Non-vault XP
 B = Vault XP
 C = Vault XP percentage of total XP
 D = Non-vault monster count
 E = Vault monster count
 F = Vault count percentage of total count
                 A         B        C        D         E       F
            +---------+---------+-------+---------+---------+-------
      Total |    3527 |    1756 |  33.2 |     132 |      31 |  19.0
            +---------+---------+-------+---------+---------+-------
        D:1 |      23 |       0 |   0.0 |      14 |       0 |   0.0
        D:2 |      87 |       0 |   0.0 |      22 |       0 |   0.0
        D:3 |      32 |      36 |  52.9 |      17 |       1 |   5.6
        D:4 |     102 |     220 |  68.3 |      16 |       2 |  11.1
        D:5 |     436 |       0 |   0.0 |      12 |       0 |   0.0
        D:6 |    1370 |     738 |  35.0 |      22 |       7 |  24.1
        D:7 |    1133 |     610 |  35.0 |      21 |       5 |  19.2
        D:8 |     344 |       0 |   0.0 |       8 |       0 |   0.0
    Ossuary |       0 |     152 | 100.0 |       0 |      16 | 100.0
            +---------+---------+-------+---------+---------+-------

Skill      XL: |  1  2  3  4  5  6  7  8  9 10 |
---------------+-------------------------------+-----
Unarmed Combat | 1 2 3 4 5 7 8 10 12 | 12.0
Fighting       | 3 4 5 |  5.9
Armour         | 2 |  2.0
Dodging        | 2 |  2.0
Shields        | 1 2 |  2.0
Short Blades   | |  1.7
Throwing       | |  1.7
Stealth        | |  4.8

Action                     |  1- 3 |  4- 6 |  7- 9 | 10-12 || total
---------------------------+-------+-------+-------+-------++-------
  Melee: Dagger            |    84 |    97 |       |       ||   181
         Bite              |    14 |    70 |   103 |    15 ||   202
         Punch             |     2 |     5 |    17 |       ||    24
         Unarmed           |       |   128 |   296 |    48 ||   472
  Evoke: Wand              |       |     5 |     1 |       ||     6
    Use: Scroll            |       |     7 |     5 |       ||    12
         Potion            |       |       |     2 |       ||     2
   Stab: Sleeping          |    11 |     5 |       |       ||    16
         Paralysed         |       |     8 |     2 |       ||    10
 Armour: Ring mail         |    31 |    34 |       |       ||    65
         Robe              |     1 |       |       |       ||     1
         Scale mail        |       |    47 |   152 |    24 ||   223
  Dodge: Dodged            |    24 |    87 |   108 |    15 ||   234
  Block: Buckler           |       |       |    14 |    16 ||    30

Illustrated notes

Table legend:
 A = Kills in this place as a percentage of kills in the entire game.
 B = Kills by you in this place as a percentage of kills by you in the entire game.
 C = Kills by friends in this place as a percentage of kills by friends in the entire game.
 D = Other kills in this place as a percentage of other kills in the entire game.
 E = Experience gained in this place as a percentage of experience gained in the entire game.
 F = Experience gained in this place divided by the number of levels of this place that you have seen.
                   A       B       C       D       E      F
               +-------+-------+-------+-------+-------+----------------------
         Total | 100.0 | 100.0 |   N/A |   N/A | 100.0 | 528.3
       Dungeon |  90.2 |  90.2 |   N/A |   N/A |  97.1 | 641.4
       Ossuary |   9.8 |   9.8 |   N/A |   N/A |   2.9 | 152.0
               +-------+-------+-------+-------+-------+----------------------

Table legend: (Time is in decaauts)
 A = Elapsed time spent in this place.
 B = Non-inter-level travel time spent in this place.
 C = Inter-level travel time spent in this place.
 D = Time resting spent in this place.
 E = Time spent auto-exploring this place.
 F = Levels seen in this place.
 G = Mean time per level.
                   A        B        C        D        E       F      G
               +--------+--------+--------+--------+--------+-----+--------+
         Total |   6351 |   6109 |    242 |    161 |   4411 |  10 |  635.1 |
       Dungeon |   5988 |   5748 |    240 |    136 |   4289 |   8 |  748.5 |
        Temple |     56 |     54 |      2 |      0 |      0 |   1 |   56.0 |
       Ossuary |    306 |    306 |      0 |     25 |    122 |   1 |  306.0 |
               +--------+--------+--------+--------+--------+-----+--------+

Top non-repeatable levels by time:
     D:7: 993 daAuts
     D:2: 991 daAuts
     D:1: 875 daAuts
     D:5: 846 daAuts
     D:3: 764 daAuts
     D:4: 660 daAuts
     D:6: 560 daAuts
 Ossuary: 306 daAuts
     D:8: 295 daAuts
  Temple: 56 daAuts
